TOP OF THE 1ST |
Syracuse Storm batting - Pitching for Caldwell Chiefs : RHP Lloyd Stinson
|
Pitching: RHP Lloyd Stinson
|
|
Batting: RHB Pat Kramer
|
0-0: Foul Ball, location: 2F 0-1: Ball 1-1: Foul Ball, location: 2F 1-2: Ball 2-2: SINGLE (Line Drive, 78M, EV 96.9 MPH)
|
Batting: LHB Brian Harmon
|
0-0: Foul Ball, location: 2F 0-1: Ball 1-1: Ball 2-1: Foul Ball, location: 2F 2-2: Ball 3-2: Foul Ball, location: 2F 3-2: Strikes out swinging
|
Batting: LHB Ánibal Leobardo
|
0-0: Ball 1-0: Called Strike 1-1: Grounds into double play, 4-6-3 (Groundball, 4, EV 85.0 MPH)
|
Top of the 1st over - 0 runs, 1 hit, 0 errors, 0 left on base; Syracuse 0 - Caldwell 0 |
BOTTOM OF THE 1ST |
Caldwell Chiefs batting - Pitching for Syracuse Storm : LHP Tim Wallace
|
Pitching: LHP Tim Wallace
|
|
Batting: RHB Junji Ito
|
0-0: Foul Ball, location: 2F 0-1: Swinging Strike 0-2: Strikes out looking
|
Batting: RHB Sayed Walid
|
0-0: Called Strike 0-1: Ball 1-1: Ball 2-1: Foul Ball, location: 2F 2-2: Fly out, F8 (Flyball, 78D, EV 88.1 MPH)
|
Batting: RHB Ricardo Urby
|
0-0: Ball 1-0: Ball 2-0: Ball 3-0: Base on Balls
|
Batting: RHB Dean Shamakani
|
0-0: Ball 1-0: Fly out, F8 (Line Drive, 8LD, EV 91.2 MPH)
|
Bottom of the 1st over - 0 runs, 0 hits, 0 errors, 1 left on base; Syracuse 0 - Caldwell 0 |
TOP OF THE 2ND |
Syracuse Storm batting - Pitching for Caldwell Chiefs : RHP Lloyd Stinson
|
Batting: LHB Rick Newell
|
0-0: Called Strike 0-1: Foul Ball, location: 2F 0-2: Ball 1-2: Ground out 5-3 (Groundball, 56, EV 91.2 MPH)
|
Batting: LHB Jorge Mateu
|
0-0: Foul Ball, location: 2F 0-1: SINGLE (Line Drive, 78S, EV 108.1 MPH)
|
Batting: RHB Ace Felder
|
0-0: Swinging Strike 0-1: Ball 1-1: Foul Ball, location: 2F 1-2: Strikes out swinging
|
Batting: LHB Kent Maxwell
|
0-0: SINGLE (Line Drive, 78S, EV 92.5 MPH) Jorge Mateu to second
|
Batting: RHB Bob Hill
|
0-0: Swinging Strike 0-1: Ball 1-1: Swinging Strike 1-2: Ball 2-2: Strikes out swinging
|
Top of the 2nd over - 0 runs, 2 hits, 0 errors, 2 left on base; Syracuse 0 - Caldwell 0 |
BOTTOM OF THE 2ND |
Caldwell Chiefs batting - Pitching for Syracuse Storm : LHP Tim Wallace
|
Batting: RHB Elias den Blick
|
0-0: Foul Ball, location: 2F 0-1: Fly out, F7 (Flyball, 78S, EV 84.4 MPH)
|
Batting: RHB Miguel Contreras
|
0-0: Swinging Strike 0-1: Ball 1-1: Fly out, F8 (Flyball, 8LM, EV 81.2 MPH)
|
Batting: RHB Jacob King
|
0-0: Foul Ball, location: 2F 0-1: Foul Ball, location: 2F 0-2: SOLO HOME RUN (Flyball, 7D, EV 98.8 MPH), Distance : 386 ft
|
Batting: SHB Diego Alejandro Secada
|
0-0: SOLO HOME RUN (Flyball, 7D, EV 110.6 MPH), Distance : 387 ft
|
Batting: RHB Chris Owen
|
0-0: Called Strike 0-1: Ball 1-1: Swinging Strike 1-2: Ball 2-2: Ball 3-2: Base on Balls
|
Batting: RHB Junji Ito
|
0-0: Ball 1-0: SINGLE (Line Drive, 34D, EV 104.4 MPH) Chris Owen to second
|
Batting: RHB Sayed Walid
|
0-0: Called Strike 0-1: Foul Ball, location: 2F 0-2: Ball 1-2: Fly out, F8 (Line Drive, 8RM, EV 90.6 MPH)
|
Bottom of the 2nd over - 2 runs, 3 hits, 0 errors, 2 left on base; Syracuse 0 - Caldwell 2 |
TOP OF THE 3RD |
Syracuse Storm batting - Pitching for Caldwell Chiefs : RHP Lloyd Stinson
|
Batting: RHB Egbert Mijnheer
|
0-0: Ball 1-0: Ball 2-0: Fly out, F8 (Flyball, 8LD, EV 73.1 MPH)
|
Batting: RHB Pat Kramer
|
0-0: Called Strike 0-1: Ball 1-1: Foul Ball, location: 2F 1-2: Ball 2-2: Foul Ball, location: 2F 2-2: Ball 3-2: Ground out 5-3 (Groundball, 56S, EV 84.4 MPH)
|
Batting: LHB Brian Harmon
|
0-0: Ball 1-0: Swinging Strike 1-1: SINGLE (Line Drive, 8RS, EV 95.6 MPH)
|
Batting: LHB Ánibal Leobardo
|
0-0: Swinging Strike 0-1: Ball Pickoff Throw to First - Error! E1 Brian Harmon to second 1-1: Called Strike 1-2: Strikes out looking
|
Top of the 3rd over - 0 runs, 1 hit, 1 error, 1 left on base; Syracuse 0 - Caldwell 2 |
BOTTOM OF THE 3RD |
Caldwell Chiefs batting - Pitching for Syracuse Storm : LHP Tim Wallace
|
Batting: RHB Ricardo Urby
|
0-0: Foul Ball, location: 2F 0-1: Ball 1-1: Called Strike 1-2: Foul Ball, location: 2F 1-2: Strikes out swinging
|
Batting: RHB Dean Shamakani
|
0-0: Ground out 6-3 (Groundball, 6, EV 94.4 MPH)
|
Batting: RHB Elias den Blick
|
0-0: Ball 1-0: Called Strike 1-1: Foul Ball, location: 2F 1-2: Foul Ball, location: 2F 1-2: Strikes out swinging
|
Bottom of the 3rd over - 0 runs, 0 hits, 0 errors, 0 left on base; Syracuse 0 - Caldwell 2 |
TOP OF THE 4TH |
Syracuse Storm batting - Pitching for Caldwell Chiefs : RHP Lloyd Stinson
|
Batting: LHB Rick Newell
|
0-0: Foul Ball, location: 2F 0-1: Swinging Strike 0-2: Ball 1-2: Foul Ball, location: 2F 1-2: Ground out 4-3 (Groundball, 4, EV 87.5 MPH)
|
Batting: LHB Jorge Mateu
|
0-0: Called Strike 0-1: Ball 1-1: DOUBLE (Flyball, 78D, EV 94.4 MPH)
|
Batting: RHB Ace Felder
|
0-0: Ball 1-0: Ball 2-0: Called Strike 2-1: Foul Ball, location: 2F 2-2: Ball 3-2: Foul Ball, location: 2F 3-2: Base on Balls
|
Batting: LHB Kent Maxwell
|
0-0: Ball 1-0: Called Strike 1-1: Called Strike 1-2: Strikes out swinging
|
Batting: RHB Bob Hill
|
0-0: Called Strike 0-1: Called Strike 0-2: Ball 1-2: Ball 2-2: Foul Ball, location: 2F 2-2: Strikes out looking
|
Top of the 4th over - 0 runs, 1 hit, 0 errors, 2 left on base; Syracuse 0 - Caldwell 2 |
BOTTOM OF THE 4TH |
Caldwell Chiefs batting - Pitching for Syracuse Storm : LHP Tim Wallace
|
Batting: RHB Miguel Contreras
|
0-0: Called Strike 0-1: Swinging Strike 0-2: Foul Ball, location: 2F 0-2: Ball 1-2: TRIPLE (Flyball, 89XD, EV 103.8 MPH)
|
Batting: RHB Jacob King
|
0-0: Called Strike 0-1: Ball 1-1: DOUBLE (Line Drive, 7LM, EV 111.2 MPH) Miguel Contreras scores
|
Batting: SHB Diego Alejandro Secada
|
0-0: Ball 1-0: Swinging Strike 1-1: SINGLE (Groundball, 56D, EV 100.0 MPH) Jacob King to third Runner from 3rd tries for Home, SAFE, throw by LF to home Diego Alejandro Secada to second
|
Batting: RHB Chris Owen
|
0-0: Ball 1-0: Foul Ball, location: 2F 1-1: SINGLE (Flyball, 78S, EV 84.4 MPH) Diego Alejandro Secada to third
|
Batting: RHB Junji Ito
|
0-0: Ball 1-0: Ball 2-0: Called Strike 2-1: Ball 3-1: Fly out, F9 (Flyball, 9S, EV 95.0 MPH)
|
Batting: RHB Sayed Walid
|
0-0: Ball 1-0: SINGLE (Groundball, 56D, EV 96.9 MPH) Diego Alejandro Secada scores Chris Owen to second
|
Batting: RHB Ricardo Urby
|
0-0: Fly out, F9 (Flyball, 9LD, EV 98.1 MPH)
|
Batting: RHB Dean Shamakani
|
0-0: Foul Ball, location: 2F 0-1: Ground out 4-3 (Groundball, 34, EV 106.2 MPH)
|
Bottom of the 4th over - 3 runs, 5 hits, 0 errors, 2 left on base; Syracuse 0 - Caldwell 5 |
TOP OF THE 5TH |
Syracuse Storm batting - Pitching for Caldwell Chiefs : RHP Lloyd Stinson
|
Batting: RHB Egbert Mijnheer
|
0-0: DOUBLE (Groundball, 5L, EV 108.1 MPH)
|
Batting: RHB Pat Kramer
|
0-0: Ball 1-0: Foul Ball, location: 2F 1-1: Ball 2-1: Foul Ball, location: 2F 2-2: Foul Ball, location: 2F 2-2: Fly out, F7 (Flyball, 7, EV 76.2 MPH)
|
Batting: LHB Brian Harmon
|
0-0: Foul Ball, location: 2F 0-1: Ball Egbert Mijnheer steals 3rd base 1-1: Ball 2-1: Called Strike 2-2: DOUBLE (Line Drive, 7LS, EV 110.0 MPH) Egbert Mijnheer scores
|
Batting: LHB Ánibal Leobardo
|
0-0: Ball 1-0: Swinging Strike 1-1: Foul Ball, location: 2F 1-2: Ball 2-2: Strikes out swinging
|
Batting: LHB Rick Newell
|
0-0: Ball 1-0: Called Strike 1-1: Swinging Strike 1-2: Foul Ball, location: 2F 1-2: Fly out, F9 (Flyball, 89D, EV 107.5 MPH)
|
Top of the 5th over - 1 run, 2 hits, 0 errors, 1 left on base; Syracuse 1 - Caldwell 5 |
BOTTOM OF THE 5TH |
Caldwell Chiefs batting - Pitching for Syracuse Storm : LHP Tim Wallace
|
Batting: RHB Elias den Blick
|
0-0: Ball 1-0: Ball 2-0: Called Strike 2-1: Fly out, F8 (Flyball, 8RS, EV 91.9 MPH)
|
Batting: RHB Miguel Contreras
|
0-0: Ball 1-0: Ground out 4-3 (Groundball, 4, EV 93.1 MPH)
|
Batting: RHB Jacob King
|
0-0: Ball 1-0: Foul Ball, location: 2F 1-1: Foul Ball, location: 2F 1-2: Foul Ball, location: 2F 1-2: Fly out, F3 (Popup, 3, EV 70.0 MPH)
|
Bottom of the 5th over - 0 runs, 0 hits, 0 errors, 0 left on base; Syracuse 1 - Caldwell 5 |
TOP OF THE 6TH |
Syracuse Storm batting - Pitching for Caldwell Chiefs : RHP Lloyd Stinson
|
Pitching: RHP Sakutaro Matsumoto
|
|
Batting: LHB Jorge Mateu
|
0-0: Ball 1-0: Ground out 5-3 (Groundball, 56, EV 85.0 MPH)
|
Batting: RHB Ace Felder
|
0-0: Foul Ball, location: 2F 0-1: Swinging Strike 0-2: Strikes out looking
|
Batting: LHB Kent Maxwell
|
0-0: Ball 1-0: Called Strike 1-1: Swinging Strike 1-2: Ball 2-2: Strikes out swinging
|
Top of the 6th over - 0 runs, 0 hits, 0 errors, 0 left on base; Syracuse 1 - Caldwell 5 |
BOTTOM OF THE 6TH |
Caldwell Chiefs batting - Pitching for Syracuse Storm : LHP Tim Wallace
|
Batting: SHB Diego Alejandro Secada
|
0-0: Called Strike 0-1: Ball 1-1: Ball 2-1: Fly out, F9 (Flyball, 9LSF, EV 90.0 MPH)
|
Batting: RHB Chris Owen
|
0-0: Ball 1-0: Called Strike 1-1: Ball 2-1: Swinging Strike 2-2: Ball 3-2: Base on Balls
|
Batting: RHB Junji Ito
|
0-0: Ball 1-0: Ball 2-0: SINGLE (Line Drive, 56D, EV 98.8 MPH) Chris Owen to second
|
Pitching: RHP Montrelle Benincasa
|
|
Batting: RHB Sayed Walid
|
0-0: Called Strike 0-1: Swinging Strike 0-2: Ball 1-2: Fly out, F9 (Flyball, 89M, EV 92.5 MPH)
|
Batting: RHB Ricardo Urby
|
0-0: Ball 1-0: Fielders Choice at 2nd, 6-4 (Groundball, 6, EV 88.8 MPH)
|
Bottom of the 6th over - 0 runs, 1 hit, 0 errors, 2 left on base; Syracuse 1 - Caldwell 5 |
TOP OF THE 7TH |
Syracuse Storm batting - Pitching for Caldwell Chiefs : RHP Sakutaro Matsumoto
|
Batting: RHB Bob Hill
|
0-0: Fly out, F8 (Flyball, 78D, EV 86.9 MPH)
|
Batting: RHB Egbert Mijnheer
|
0-0: Swinging Strike 0-1: Foul Ball, location: 2F 0-2: Fly out, F7 (Flyball, 7LM, EV 90.0 MPH)
|
Batting: RHB Pat Kramer
|
0-0: Ball 1-0: Called Strike 1-1: Foul Ball, location: 2F 1-2: Ball 2-2: Ball 3-2: Fly out, F8 (Flyball, 8LD, EV 106.2 MPH)
|
Top of the 7th over - 0 runs, 0 hits, 0 errors, 0 left on base; Syracuse 1 - Caldwell 5 |
BOTTOM OF THE 7TH |
Caldwell Chiefs batting - Pitching for Syracuse Storm : RHP Montrelle Benincasa
|
Batting: RHB Dean Shamakani
|
0-0: DOUBLE (Line Drive, 9LS, EV 102.5 MPH)
|
Batting: RHB Elias den Blick
|
0-0: Called Strike 0-1: Fly out, F8 (Flyball, 8RXD, EV 91.9 MPH) Runner from 2nd tags up, SAFE at 3rd, no throw by CF
|
Batting: RHB Miguel Contreras
|
0-0: Ball 1-0: Foul Ball, location: 2F 1-1: Ball 2-1: Ball 3-1: SINGLE (Line Drive, 7S, EV 97.5 MPH) Dean Shamakani scores
|
Batting: RHB Jacob King
|
0-0: Fielders Choice at 2nd, 6-4 (Groundball, 56, EV 91.2 MPH)
|
Batting: SHB Diego Alejandro Secada
|
0-0: Foul Ball, location: 2F 0-1: Ball 1-1: Ball 2-1: Fly out, F7 (Line Drive, 78M, EV 98.8 MPH)
|
Bottom of the 7th over - 1 run, 2 hits, 0 errors, 1 left on base; Syracuse 1 - Caldwell 6 |
TOP OF THE 8TH |
Syracuse Storm batting - Pitching for Caldwell Chiefs : RHP Sakutaro Matsumoto
|
Batting: LHB Brian Harmon
|
0-0: Reached on error, E3 (Groundball, 3, EV 81.9 MPH)
|
Batting: LHB Ánibal Leobardo
|
0-0: Ball 1-0: Ball 2-0: Ball 3-0: Base on Balls Brian Harmon to second
|
Batting: LHB Rick Newell
|
0-0: Foul Ball, location: 2F 0-1: Called Strike 0-2: Foul Ball, location: 2F 0-2: Ball 1-2: Ball 2-2: Fly out, F7 (Line Drive, 7, EV 85.0 MPH)
|
Batting: LHB Jorge Mateu
|
0-0: Ball 1-0: Called Strike 1-1: Foul Ball, location: 2F 1-2: Foul Ball, location: 2F 1-2: Fly out, F8 (Flyball, 8RD, EV 103.1 MPH) Runner from 2nd tags up, SAFE at 3rd with throw by CF
|
Batting: RHB Ace Felder
|
0-0: Fly out, F4 (Popup, 4S, EV 77.5 MPH)
|
Top of the 8th over - 0 runs, 0 hits, 1 error, 2 left on base; Syracuse 1 - Caldwell 6 |
BOTTOM OF THE 8TH |
Caldwell Chiefs batting - Pitching for Syracuse Storm : RHP Montrelle Benincasa
|
Batting: RHB Chris Owen
|
0-0: Called Strike 0-1: Ball 1-1: Foul Ball, location: 2F 1-2: Foul Ball, location: 2F 1-2: Ground out 3-1 (Groundball, 34, EV 100.6 MPH)
|
Batting: RHB Junji Ito
|
0-0: Ball 1-0: Foul Ball, location: 2F 1-1: Fly out, F8 (Flyball, 8RM, EV 87.5 MPH)
|
Batting: RHB Sayed Walid
|
0-0: Swinging Strike 0-1: Ball 1-1: Foul Ball, location: 2F 1-2: Strikes out swinging
|
Bottom of the 8th over - 0 runs, 0 hits, 0 errors, 0 left on base; Syracuse 1 - Caldwell 6 |
TOP OF THE 9TH |
Syracuse Storm batting - Pitching for Caldwell Chiefs : RHP Sakutaro Matsumoto
|
Batting: LHB Kent Maxwell
|
0-0: Ball 1-0: Ball 2-0: Foul Ball, location: 2F 2-1: Called Strike 2-2: Ball 3-2: Strikes out swinging
|
Batting: RHB Bob Hill
|
0-0: Called Strike 0-1: Foul Ball, location: 2F 0-2: Foul Ball, location: 2F 0-2: Strikes out swinging
|
Batting: RHB Egbert Mijnheer
|
0-0: Ball 1-0: Fly out, F6 (Popup, 4M, EV 71.9 MPH)
|
Top of the 9th over - 0 runs, 0 hits, 0 errors, 0 left on base; Syracuse 1 - Caldwell 6 |
|